 Dungeon Sprint DCSS version 0.30.0-29-ga12c61a403 (webtiles) character file.

Game seed: 6349461355685757106

11300000 boopmooplesden the Conqueror (level 27, -35/273 HPs)
             Began as a Grey Draconian Berserker on June 23, 2023.
             Was the Champion of Makhleb.
             Killed from afar by an observer (68 damage)
             ... with a fireball
             ... in the Dungeon (Sprint VIII: "Arena of Blood").
             The game lasted 00:06:41 (113 turns).

boopmooplesden the Conqueror (DrBe)                  Turns: 113, Time: 00:06:42

Health: -35/273    AC: 18    Str: 22    XL:     27
Magic:  37/54      EV: 36    Int:  7    God:    Makhleb [******]
Gold:   0          SH:  0    Dex: 23    Spells: 80/80 levels left

rFire   . . .        h - +∞ Axe of Woe
rCold   . . .        (shield currently unavailable)
rNeg    . . .        (body armour unavailable)
rPois   .            (helmet restricted)
rElec   .            (no cloak)
rCorr   .            (no gloves)
SInv    +            (no boots)
Will    ++...        (no amulet)
Stlth   ++++++++++   i - ring of see invisible
HPRegen 0.65/turn    (no ring)
MPRegen 0.34/turn

%: no teleportation
@: no status effects
A: AC +18, amphibious, unfitting armour, cold-blooded
a: Renounce Religion, Minor Destruction, Lesser Servant of Makhleb, Major
Destruction, Greater Servant of Makhleb


You were in the Dungeon.
You worshipped Makhleb.
Makhleb was exalted by your worship.
You visited 1 branch

Inventory:

Hand Weapons
 a - a +0 hand axe
 h - the +∞ Axe of Woe (weapon)
   (You found it in the Dungeon)
Jewellery
 i - a ring of see invisible (left hand)
Scrolls
 g - a scroll of blinking
Potions
 b - a potion of curing
 c - a potion of heal wounds
 d - a potion of haste
 e - 2 potions of magic
 f - a potion of berserk rage


   Skills:
 O Level 27 Fighting
 O Level 27 Short Blades
 O Level 27 Long Blades
 O Level 27 Axes
 O Level 27 Maces & Flails
 O Level 27 Polearms
 O Level 27 Staves
 O Level 27 Ranged Weapons
 O Level 27 Throwing
 O Level 27 Dodging
 O Level 27 Stealth
 O Level 27 Shields
 O Level 27 Unarmed Combat
 O Level 27 Spellcasting
 O Level 27 Conjurations
 O Level 27 Hexes
 O Level 27 Summonings
 O Level 27 Necromancy
 O Level 27 Translocations
 O Level 27 Transmutations
 O Level 27 Fire Magic
 O Level 27 Ice Magic
 O Level 27 Air Magic
 O Level 27 Earth Magic
 O Level 27 Poison Magic
 O Level 27 Invocations
 O Level 27 Evocations


You had 80 spell levels left.
You didn't know any spells.
Your spell library was empty.

Dungeon Overview and Level Annotations

Branches:
Dungeon (1/1)

Altars:
Makhleb


Innate Abilities, Weirdness & Mutations

Your dull iron-grey scales are very hard. (AC +18)
You are amphibious.
You cannot fit into any form of body armour.
You are cold-blooded and may be slowed by cold attacks.


Message History

The eight-headed meat hydra convulses!
Your body is wracked with pain!
* * * LOW HITPOINT WARNING * * *
The observer convulses!
The eight-headed meat hydra convulses!
The Captor convulses!
A bag of meat comes into view. It is wielding a +9 war axe. x2
An observer comes into view.
You hear a shout!
The observer misses you.
A scourge comes into view.
The bag of meat moves out of view. x2
The tyrant shouts!
Things that are here:
a +9 battleaxe; a +30 ring of slaying; a meat berserker corpse The bag of meat shouts!
You slash The Captor! You chop The Captor into pieces.
You kill The Captor!
Makhleb accepts your kill.
You feel better.
You slice the observer!! You chop the observer into pieces.
You kill the observer!
Makhleb accepts your kill.
You hack one of the eight-headed meat hydra's heads off!
The seven-headed meat hydra grows two more!
You slice the nine-headed meat hydra!!
You fatally mangle the nine-headed meat hydra.
You kill the nine-headed meat hydra!
Makhleb accepts your kill.
You feel better.
You hear a shout! x5
The dread calls on the powers of darkness!
The meat berserker convulses!
The observer convulses!
The eight-headed meat hydra convulses!
Your body is wracked with pain!
* * * LOW HITPOINT WARNING * * *
The eight-headed meat hydra calls on the powers of darkness!
The eight-headed meat hydra convulses!
Your body is wracked with pain!
* * * LOW HITPOINT WARNING * * *
The observer convulses!
You hear a shout! x2
The observer gazes at you.
The fireball explodes!
The fireball engulfs you!!!
You die...

################
####.)....)........
####.☼).))....))......
###....§..).)##)##.#####
.............D.†@.....oS
....☼☼####.....##G##.Goo
...§)#).......z...O.O...
.....§#))..W..S.W#.#.o..
....o☼#))............o.o
.###..)#)).........LO ..
##...○))#)............ .
......)°○))))).........
O.#....))...)))......


You could see a tyrant, an eight-headed meat hydra, 2 observers, a scourge, a
dread, 2 meat berserkers and 6 bags of meat.

Vanquished Creatures
  Sigmund (D)
  8 hell beasts (D)
  3 great orbs of eyes (D)
  A wraith (D)
  Harold (D)
  12 vampire knights (D)
  32 ogres (D)
  6 two-headed ogres (D)
  2 liches (D)
  2 hydras (D)
  5 phantoms (D)
  54 orcs (D)
  2 skeletal warriors (D)
129 creatures vanquished.

Notes
Turn   | Place    | Note
-------+----------+-------------------------------------------
     0 | D        | Found the +∞ Axe of Woe
     0 | D        | boopmooplesden the Draconian Berserker began the quest for
                  | the Orb.
     0 | D        | Reached XP level 1. HP: 19/19 MP: 1/1
     2 | D        | Noticed a bag of meat
     4 | D        | Fell from the grace of Trog
     4 | D        | Became a worshipper of Makhleb the Destroyer
     4 | D        | Noticed a meat berserker
     5 | D        | Noticed a bag of meat
     5 | D        | Noticed a meat berserker
     6 | D        | Noticed a bag of meat
     6 | D        | Noticed a bag of meat
     7 | D        | Killed a meat berserker
     7 | D        | Noticed a bag of meat
     7 | D        | Noticed a meat berserker
     8 | D        | Reached skill level 15 in Dodging
     8 | D        | Reached XP level 2. HP: 55/55 MP: 2/2
     8 | D        | Reached XP level 3. HP: 62/62 MP: 3/3
     8 | D        | Reached XP level 4. HP: 70/70 MP: 4/4
     8 | D        | Reached XP level 5. HP: 77/77 MP: 5/5
     8 | D        | Reached XP level 6. HP: 85/85 MP: 6/6
     8 | D        | Your scales start taking on a dull iron-grey colour.
     8 | D        | Reached XP level 7. HP: 92/92 MP: 7/7
     8 | D        | Reached XP level 8. HP: 100/100 MP: 8/8
     8 | D        | Reached XP level 9. HP: 107/107 MP: 9/9
     8 | D        | Reached XP level 10. HP: 115/115 MP: 10/10
     8 | D        | Reached XP level 11. HP: 122/122 MP: 11/11
     8 | D        | Killed a meat berserker
     8 | D        | Reached * piety under Makhleb
     8 | D        | Killed a bag of meat
     9 | D        | Reached XP level 12. HP: 139/139 MP: 12/12
     9 | D        | Reached XP level 13. HP: 147/147 MP: 13/13
     9 | D        | Killed a bag of meat
     9 | D        | Noticed a meat berserker
     9 | D        | Noticed a bag of meat
    10 | D        | Killed a bag of meat
    10 | D        | Reached ** piety under Makhleb
    10 | D        | Killed a bag of meat
    10 | D        | Noticed a meat berserker
    11 | D        | Reached XP level 14. HP: 162/162 MP: 14/14
    11 | D        | Noticed a meat berserker
    12 | D        | Noticed a bag of meat
    12 | D        | Noticed a bag of meat
    13 | D        | Killed a meat berserker
    13 | D        | Noticed a meat berserker
    13 | D        | Noticed a bag of meat
    13 | D        | Noticed a meat berserker
    14 | D        | Noticed a bag of meat
    14 | D        | Noticed a bag of meat
    14 | D        | Noticed a bag of meat
    14 | D        | Noticed a bag of meat
    14 | D        | Noticed a bag of meat
    14 | D        | Noticed a bag of meat
    15 | D        | Killed a meat berserker
    15 | D        | Reached *** piety under Makhleb
    16 | D        | Reached skill level 27 in Fighting
    16 | D        | Reached skill level 27 in Axes
    16 | D        | Reached XP level 15. HP: 174/174 MP: 15/15
    17 | D        | Killed a meat berserker
    17 | D        | Reached **** piety under Makhleb
    17 | D        | Killed a meat berserker
    17 | D        | Noticed a meat berserker
    18 | D        | Reached skill level 27 in Dodging
    18 | D        | Reached XP level 16. HP: 183/183 MP: 16/16
    18 | D        | Killed a meat berserker
    19 | D        | Noticed a large bag of meat
    19 | D        | Killed a meat berserker
    19 | D        | Reached ***** piety under Makhleb
    20 | D        | Reached skill level 10 in Short Blades
    20 | D        | Reached skill level 10 in Long Blades
    20 | D        | Reached skill level 10 in Maces & Flails
    20 | D        | Reached skill level 10 in Polearms
    20 | D        | Reached skill level 10 in Invocations
    20 | D        | Reached XP level 17. HP: 191/191 MP: 16/24
    21 | D        | Reached skill level 10 in Staves
    21 | D        | Reached skill level 10 in Stealth
    21 | D        | Reached skill level 10 in Shields
    21 | D        | Reached skill level 10 in Unarmed Combat
    21 | D        | Reached skill level 10 in Evocations
    21 | D        | Noticed a destroyer
    21 | D        | Noticed a destroyer
    23 | D        | Reached ****** piety under Makhleb
    23 | D        | Killed a destroyer
    24 | D        | Reached skill level 27 in Stealth
    24 | D        | Reached XP level 18. HP: 200/200 MP: 16/26
    24 | D        | Killed a meat berserker
    25 | D        | Noticed a large bag of meat
    27 | D        | Reached skill level 15 in Short Blades
    27 | D        | Reached skill level 15 in Invocations
    27 | D        | Reached XP level 19. HP: 207/207 MP: 17/30
    28 | D        | Reached skill level 15 in Long Blades
    28 | D        | Reached skill level 15 in Maces & Flails
    28 | D        | Reached skill level 15 in Polearms
    29 | D        | Killed a destroyer
    29 | D        | Noticed a meat berserker
    30 | D        | Reached skill level 15 in Staves
    30 | D        | Reached skill level 15 in Shields
    30 | D        | Reached skill level 15 in Unarmed Combat
    30 | D        | Reached skill level 15 in Evocations
    30 | D        | Noticed a destroyer
    30 | D        | Noticed a large bag of meat
    31 | D        | Noticed a large bag of meat
    31 | D        | Noticed a meat berserker
    31 | D        | Noticed a large bag of meat
    32 | D        | Killed a destroyer
    32 | D        | Killed a large bag of meat
    32 | D        | Noticed a meat berserker
    33 | D        | Reached skill level 15 in Ranged Weapons
    33 | D        | Reached skill level 15 in Throwing
    33 | D        | Reached XP level 20. HP: 166/216 MP: 18/33
    33 | D        | Noticed a meat berserker
    33 | D        | Noticed a meat berserker
    33 | D        | Noticed a destroyer
    33 | D        | Noticed a meat berserker
    34 | D        | Noticed a meat berserker
    35 | D        | Killed a meat berserker
    36 | D        | Killed a large bag of meat
    36 | D        | Noticed a destroyer
    36 | D        | Noticed a meat berserker
    36 | D        | Noticed a meat berserker
    37 | D        | Killed a meat berserker
    37 | D        | Noticed a meat berserker
    38 | D        | Reached XP level 21. HP: 215/224 MP: 19/35
    41 | D        | Noticed a destroyer
    42 | D        | Noticed a destroyer
    43 | D        | Reached XP level 22. HP: 227/233 MP: 20/38
    43 | D        | Killed a destroyer
    44 | D        | Killed a destroyer
    45 | D        | Reached XP level 23. HP: 240/240 MP: 20/40
    45 | D        | Noticed a tyrant
    45 | D        | Noticed a destroyer
    46 | D        | Reached skill level 27 in Invocations
    47 | D        | Killed a destroyer
    47 | D        | Killed a large bag of meat
    47 | D        | Noticed a destroyer
    48 | D        | Reached skill level 27 in Short Blades
    49 | D        | Reached skill level 27 in Long Blades
    49 | D        | Reached skill level 27 in Maces & Flails
    49 | D        | Reached skill level 27 in Polearms
    49 | D        | Reached skill level 27 in Staves
    49 | D        | Reached skill level 27 in Shields
    49 | D        | Reached skill level 27 in Unarmed Combat
    49 | D        | Reached skill level 27 in Evocations
    49 | D        | Reached XP level 24. HP: 196/249 MP: 21/40
    49 | D        | Noticed a large bag of meat
    50 | D        | Killed a large bag of meat
    51 | D        | Reached skill level 27 in Ranged Weapons
    51 | D        | Reached skill level 27 in Throwing
    51 | D        | Reached skill level 5 in Conjurations
    51 | D        | Reached skill level 5 in Summonings
    51 | D        | Reached skill level 5 in Earth Magic
    51 | D        | Noticed a destroyer
    51 | D        | Noticed a destroyer
    53 | D        | Reached skill level 5 in Spellcasting
    53 | D        | Reached skill level 5 in Hexes
    53 | D        | Reached skill level 5 in Necromancy
    53 | D        | Reached skill level 5 in Translocations
    53 | D        | Reached skill level 5 in Transmutations
    53 | D        | Reached skill level 5 in Fire Magic
    53 | D        | Reached skill level 5 in Ice Magic
    53 | D        | Reached skill level 5 in Poison Magic
    54 | D        | Reached skill level 5 in Air Magic
    54 | D        | Killed a destroyer
    54 | D        | Killed a destroyer
    55 | D        | Reached skill level 10 in Conjurations
    55 | D        | Reached skill level 10 in Summonings
    57 | D        | Reached skill level 10 in Spellcasting
    57 | D        | Reached skill level 10 in Hexes
    57 | D        | Reached skill level 10 in Necromancy
    57 | D        | Reached skill level 10 in Translocations
    57 | D        | Reached skill level 10 in Transmutations
    57 | D        | Reached skill level 10 in Fire Magic
    57 | D        | Reached skill level 10 in Ice Magic
    57 | D        | Reached skill level 10 in Poison Magic
    58 | D        | Noticed a tyrant
    59 | D        | Killed a destroyer
    60 | D        | Reached skill level 10 in Air Magic
    60 | D        | Reached skill level 15 in Earth Magic
    60 | D        | Reached XP level 25. HP: 257/257 MP: 23/40
    61 | D        | Killed a destroyer
    62 | D        | Reached skill level 15 in Conjurations
    62 | D        | Reached skill level 15 in Summonings
    63 | D        | Killed a tyrant
    63 | D        | Killed a destroyer
    64 | D        | Reached skill level 15 in Spellcasting
    64 | D        | Reached skill level 15 in Hexes
    65 | D        | Reached XP level 26. HP: 266/266 MP: 24/43
    65 | D        | Noticed a meat beast
    65 | D        | Killed a large bag of meat
    66 | D        | Killed a meat beast
    69 | D        | Noticed a meat beast
    69 | D        | Noticed a meat beast
    69 | D        | Noticed a meat beast
    70 | D        | Noticed The Servant
    72 | D        | Killed a meat beast
    72 | D        | Killed a large bag of meat
    73 | D        | Reached XP level 27. HP: 233/273 MP: 26/47
    74 | D        | Killed a meat beast
    78 | D        | Reached skill level 27 in Earth Magic
    78 | D        | Killed a meat beast
    79 | D        | Noticed a dread
    80 | D        | Killed The Servant
    85 | D        | Noticed a destroyer
    86 | D        | Killed a dread
    87 | D        | Reached skill level 27 in Conjurations
    87 | D        | Reached skill level 27 in Summonings
    90 | D        | Noticed a meat beast
    93 | D        | Noticed a meat beast
    93 | D        | Noticed a meat beast
    94 | D        | Killed a destroyer
    95 | D        | Reached skill level 27 in Spellcasting
    95 | D        | Reached skill level 27 in Hexes
    95 | D        | Reached skill level 27 in Necromancy
    95 | D        | Reached skill level 27 in Translocations
    95 | D        | Reached skill level 27 in Transmutations
    95 | D        | Reached skill level 27 in Fire Magic
    95 | D        | Reached skill level 27 in Ice Magic
    95 | D        | Reached skill level 27 in Poison Magic
    96 | D        | Reached skill level 27 in Air Magic
    97 | D        | Killed a meat beast
   100 | D        | Killed a meat beast
   100 | D        | Noticed a destroyer
   100 | D        | Noticed a tyrant
   103 | D        | Noticed a meat beast
   104 | D        | Noticed The Captor
   106 | D        | Killed a tyrant
   108 | D        | Killed a meat beast
   109 | D        | Killed a meat beast
   110 | D        | Noticed a dread
   112 | D        | Noticed a tyrant
   113 | D        | Killed The Captor
   113 | D        | Killed from afar by an observer

Illustrated notes

Levels and vault maps discovered:
D:        meatsprint

Skill      XL: |  1  2  3  4  5  6  7  8  9 10 11 12 13 14 15 16 17 18 19 20 21 22 23 24 25 26 27 |
---------------+----------------------------------------------------------------------------------+-----
Fighting       | 19 22 25 27 | 27.0
Axes           | 17 21 24 27 | 27.0
Dodging        | 15 18 21 23 27 | 27.0
Short Blades   | 10 15 17 20 24 26 27 | 27.0
Long Blades    | 10 14 17 19 23 25 27 | 27.0
Maces & Flails | 10 14 17 19 23 25 27 | 27.0
Polearms       | 10 14 17 19 23 25 27 | 27.0
Staves         | 9 10 14 17 19 23 24 27 | 27.0
Ranged Weapons | 8 9 13 15 18 21 23 26 27 | 27.0
Throwing       | 8 9 13 15 18 21 23 26 27 | 27.0
Stealth        | 9 27 | 27.0
Shields        | 9 10 14 17 19 23 24 27 | 27.0
Unarmed Combat | 9 10 14 17 19 23 24 27 | 27.0
Invocations    | 10 11 15 18 21 24 26 27 | 27.0
Evocations     | 9 10 14 17 19 23 24 27 | 27.0
Spellcasting   | 12 16 20 27 | 27.0
Conjurations   | 13 17 22 27 | 27.0
Hexes          | 12 16 20 27 | 27.0
Summonings     | 13 17 22 27 | 27.0
Necromancy     | 12 16 20 27 | 27.0
Translocations | 12 16 20 27 | 27.0
Transmutations | 12 16 20 27 | 27.0
Fire Magic     | 12 16 20 27 | 27.0
Ice Magic      | 12 16 20 27 | 27.0
Air Magic      | 10 14 17 27 | 27.0
Earth Magic    | 15 19 24 27 | 27.0
Poison Magic   | 12 16 20 27 | 27.0

Action                     |  1- 3 |  4- 6 |  7- 9 | 10-12 | 13-15 | 16-18 | 19-21 | 22-24 | 25-27 || total
---------------------------+-------+-------+-------+-------+-------+-------+-------+-------+-------++-------
  Melee: Executioner's axe |     1 |       |       |     1 |     6 |     7 |    10 |    12 |    31 ||    68
 Invoke: Greater Servant o |       |       |       |       |       |       |       |       |     1 ||     1
 Armour: Skin              |       |       |       |       |       |       |     1 |     1 |     5 ||     7
  Dodge: Dodged            |     1 |       |       |       |       |     2 |       |     3 |    13 ||    19
